[Event "Superliga 2011 M"]
[Site "Brasov/Rumania"]
[Date "2011.10.11"]
[Round "4.1"]
[White "Ungureanu, Vlad"]
[Black "Miroiu, George-Catalin"]
[Result "1/2-1/2"]
[ECO "D10"]
[WhiteElo "2376"]
[BlackElo "2281"]
[PlyCount "143"]
[EventDate "2011.??.??"]
[TimeControl "40/5400+30:1800+30"]

1. d4 d5 2. c4 c6 3. cxd5 cxd5 4. Nc3 Nf6 5. Bf4 Nc6 6. Rc1 e6 7. Nf3 Bd6 8.
Bg5 Qb6 9. Bxf6 gxf6 10. Qd2 Bd7 11. e4 dxe4 12. Nxe4 Bb4 13. Nc3 Ne7 14. Be2
Bc6 15. O-O Bd6 16. Qd3 Bf4 17. Rc2 Rd8 18. Ne4 f5 19. Nf6+ Kf8 20. Qa3 h5 21.
Ne5 Qxd4 22. Nxc6 bxc6 23. Nxh5 Bd6 24. Qf3 Qe5 25. Ng3 Rb8 26. b3 Rb4 27. Bc4
Rh4 28. Qc3 f4 29. Qxe5 Bxe5 30. Ne4 f3 31. Ng3 fxg2 32. Re1 Bc7 33. Kxg2 Rb8
34. Rd1 Rd8 35. Rxd8+ Bxd8 36. Ne2 Bc7 37. h3 Be5 38. Ba6 Ke8 39. Rc4 Rh6 40.
Ra4 Bc7 41. Bd3 Bb6 42. Kg3 Nd5 43. Rg4 Ke7 44. Rg7 Kf8 45. Rg4 Ke7 46. Rc4 Kd6
47. Nd4 c5 48. Nb5+ Kc6 49. Nd4+ Kd7 50. Ne2 Bc7+ 51. Kg2 Nb4 52. Bb1 Bd6 53.
Nc3 Rh5 54. Ne4 Nd5 55. Nxd6 Kxd6 56. h4 f5 57. Kg3 Rh7 58. Ra4 Nf6 59. Bd3
Rg7+ 60. Kf3 Ke5 61. Be2 Ne4 62. Ra6 Rh7 63. Bd3 Rxh4 64. Bxe4 fxe4+ 65. Ke3
Rh3+ 66. Ke2 Rh7 67. Ke3 Kd5 68. Ra4 Rf7 69. Ra6 e5 70. Ra4 Rf3+ 71. Ke2 Rf7
72. Ke3 1/2-1/2

[Event "Superliga 2011 M"]
[Site "Brasov/Rumania"]
[Date "2011.10.11"]
[Round "4.1"]
[White "Baciu, Stefan"]
[Black "Chifor, Ovidiu-Emanuel"]
[Result "1/2-1/2"]
[ECO "D15"]
[WhiteElo "2217"]
[BlackElo "2256"]
[PlyCount "103"]
[EventDate "2011.??.??"]
[TimeControl "40/5400+30:1800+30"]

1. d4 d5 2. c4 c6 3. Nf3 Nf6 4. e3 a6 5. Nc3 b5 6. b3 Bg4 7. Be2 Nbd7 8. O-O e6
9. cxd5 cxd5 10. Bb2 Bd6 11. h3 Bxf3 12. Bxf3 O-O 13. e4 dxe4 14. Nxe4 Nxe4 15.
Bxe4 Rb8 16. Rc1 Nf6 17. Bb1 Nd5 18. Qh5 g6 19. Qe2 Qd7 20. g3 Rfc8 21. Be4
Rxc1 22. Rxc1 Rc8 23. Qf3 Rxc1+ 24. Bxc1 Bf8 25. Bxd5 Qxd5 26. Qxd5 exd5 27.
Kf1 Bg7 28. Be3 Kf8 29. Ke2 Ke7 30. Kd3 Kd7 31. Bd2 Bf8 32. Bc3 Bd6 33. Be1 Ke6
34. Bd2 Kf5 35. g4+ Ke6 36. f3 Kf6 37. Be3 Ke6 38. Bd2 f5 39. Be3 Kf6 40. g5+
Ke6 41. f4 Bf8 42. Bd2 h6 43. h4 h5 44. b4 Bd6 45. Ke3 Kd7 46. a3 Kc6 47. Kd3
a5 48. Ke3 Kb6 49. Kd3 Bxb4 50. Bxb4 axb4 51. axb4 Kc6 52. Kc3 1/2-1/2

[Event "Superliga 2011 M"]
[Site "Brasov/Rumania"]
[Date "2011.10.11"]
[Round "4.3"]
[White "Kamsky, Gata"]
[Black "Manea, Alexandru"]
[Result "1-0"]
[ECO "B83"]
[WhiteElo "2756"]
[BlackElo "2415"]
[PlyCount "127"]
[EventDate "2011.??.??"]
[TimeControl "40/5400+30:1800+30"]

1. e4 c5 2. Nf3 e6 3. d4 cxd4 4. Nxd4 Nc6 5. Nc3 Qc7 6. Be2 Nf6 7. O-O Be7 8.
Be3 O-O 9. f4 d6 10. Qe1 Nxd4 11. Bxd4 e5 12. fxe5 dxe5 13. Qg3 Bc5 14. Bxc5
Qxc5+ 15. Kh1 Kh8 16. Qh4 Ng8 17. Rad1 Be6 18. h3 Qb4 19. Rb1 Rad8 20. a3 Qc5
21. Bd3 Ne7 22. Rbe1 Ng6 23. Qf2 Qxf2 24. Rxf2 Rd7 25. Bb5 Rd6 26. Bf1 Rd7 27.
g3 Ne7 28. Bb5 Rd4 29. Kg2 Kg8 30. Be2 Rd7 31. Nd1 f6 32. Ne3 Rfd8 33. h4 Rd4
34. Bf3 Rd2 35. Ree2 Rxe2 36. Bxe2 Rd4 37. Kf3 Rd2 38. Bd3 Rxf2+ 39. Kxf2 Kf8
40. b4 Ke8 41. Bb5+ Kd8 42. g4 Kc7 43. Kf3 Bf7 44. c3 Be6 45. Bc4 Bxc4 46. Nxc4
Ng6 47. h5 Nf4 48. Ne3 Kd7 49. c4 g6 50. hxg6 hxg6 51. c5 Ne6 52. Ke2 Nd4+ 53.
Kd3 Ke6 54. a4 a5 55. bxa5 Nb3 56. Kc4 Nxa5+ 57. Kb5 Nb3 58. a5 Kd7 59. Kb6 Kc8
60. Nd5 f5 61. exf5 gxf5 62. gxf5 Nd4 63. f6 e4 64. Nf4 1-0

[Event "Superliga 2011 M"]
[Site "Brasov/Rumania"]
[Date "2011.10.11"]
[Round "4.3"]
[White "Genov, Petar"]
[Black "Volokitin, Andrei"]
[Result "0-1"]
[ECO "A28"]
[WhiteElo "2447"]
[BlackElo "2686"]
[PlyCount "70"]
[EventDate "2011.??.??"]
[TimeControl "40/5400+30:1800+30"]

1. c4 e5 2. Nc3 Nf6 3. Nf3 Nc6 4. d4 e4 5. Ne5 Bb4 6. Bf4 Ne7 7. c5 O-O 8. Nc4
d6 9. cxd6 cxd6 10. Bd2 Be6 11. e3 Rc8 12. Na3 Ned5 13. Nab1 Qa5 14. Be2 Bxc3
15. Nxc3 Nxc3 16. bxc3 Qg5 17. g3 Bh3 18. Rb1 Qf5 19. Rb5 d5 20. Qb1 Bg2 21.
Rg1 Qh3 22. Bf1 Bxf1 23. Rxf1 Ng4 24. Rxd5 Nxh2 25. Qb5 Qg4 26. Qe2 Qe6 27. Ra5
Nf3+ 28. Kd1 Rc4 29. Rh1 Rfc8 30. Rhh5 g6 31. Rhb5 Qc6 32. Rb3 a6 33. Raa3 b5
34. Rb1 b4 35. cxb4 Rxd4 0-1

[Event "Superliga 2011 M"]
[Site "Brasov/Rumania"]
[Date "2011.10.11"]
[Round "4.3"]
[White "Parligras, Mircea-Emilian"]
[Black "Grecescu, Gabriel-Andrei"]
[Result "1-0"]
[ECO "E34"]
[WhiteElo "2625"]
[BlackElo "2423"]
[PlyCount "98"]
[EventDate "2011.??.??"]
[TimeControl "40/5400+30:1800+30"]

1. d4 Nf6 2. c4 e6 3. Nc3 Bb4 4. Qc2 d5 5. cxd5 Qxd5 6. Nf3 Nc6 7. e3 O-O 8.
Bd2 Qh5 9. Be2 Qg6 10. Qxg6 hxg6 11. Nb5 Bxd2+ 12. Nxd2 a6 13. Nc3 e5 14. dxe5
Nxe5 15. Nf3 Ned7 16. O-O b6 17. Rfd1 Bb7 18. g4 Rad8 19. g5 Ne4 20. Nd5 Bxd5
21. Rxd5 Ndc5 22. Rad1 Rxd5 23. Rxd5 Nd6 24. Ne5 Nce4 25. Nc6 f6 26. gxf6 gxf6
27. f3 Nc5 28. b4 Na4 29. Rd3 Re8 30. Bd1 Nb2 31. Bb3+ Kg7 32. Rd2 Nbc4 33.
Bxc4 Nxc4 34. Rd7+ Kh6 35. e4 Re6 36. Rxc7 Rd6 37. Ne7 Ne5 38. f4 Nd3 39. f5
Ne5 40. fxg6 Rd1+ 41. Kf2 Rd2+ 42. Ke3 Rxa2 43. h4 Ra3+ 44. Kd2 Nxg6 45. Ng8+
Kh5 46. Rh7+ Kg4 47. Rg7 Kf4 48. Rxg6 Kxe4 49. h5 a5 1-0

[Event "Superliga 2011 M"]
[Site "Brasov/Rumania"]
[Date "2011.10.11"]
[Round "4.3"]
[White "Bonte, Andrei-Mihai"]
[Black "Lupulescu, Constantin"]
[Result "0-1"]
[ECO "E20"]
[WhiteElo "2364"]
[BlackElo "2655"]
[PlyCount "51"]
[EventDate "2011.??.??"]
[TimeControl "40/5400+30:1800+30"]

1. d4 Nf6 2. c4 e6 3. Nc3 Bb4 4. g3 O-O 5. Bg2 d5 6. Nf3 dxc4 7. O-O Nc6 8. Bg5
Rb8 9. e4 h6 10. Bxf6 Qxf6 11. a3 Bxc3 12. bxc3 e5 13. d5 Na5 14. Nd2 b6 15.
Re1 c6 16. Qa4 Ba6 17. Rad1 Rfd8 18. Qb4 Rbc8 19. f4 Bb7 20. fxe5 Qxe5 21. Nf3
Qb8 22. Qe7 cxd5 23. exd5 Bxd5 24. Ng5 Nc6 25. Bxd5 Nxe7 26. Bg2 0-1

[Event "Superliga 2011 M"]
[Site "Brasov/Rumania"]
[Date "2011.10.11"]
[Round "4.3"]
[White "Berescu, Alin-Mile"]
[Black "Szabo, Attila"]
[Result "1-0"]
[ECO "A34"]
[WhiteElo "2495"]
[BlackElo "2290"]
[PlyCount "45"]
[EventDate "2011.??.??"]
[TimeControl "40/5400+30:1800+30"]

1. c4 Nf6 2. Nc3 d5 3. cxd5 Nxd5 4. g3 c5 5. Bg2 e6 6. Nxd5 exd5 7. Qb3 Be6 8.
Qxb7 Nd7 9. Qb3 Rb8 10. Qc2 Be7 11. Nf3 O-O 12. O-O Bf6 13. d3 a5 14. Rb1 a4
15. Bf4 Rb5 16. Rfc1 Re8 17. d4 cxd4 18. Qxa4 Qb6 19. b4 Bf5 20. Rb3 h6 21. Bf1
d3 22. exd3 d4 23. Nd2 1-0

[Event "Superliga 2011 M"]
[Site "Brasov/Rumania"]
[Date "2011.10.11"]
[Round "4.3"]
[White "Hajbok, Robert"]
[Black "Dragomirescu, Robin-Alexandru"]
[Result "1/2-1/2"]
[ECO "B48"]
[WhiteElo "2272"]
[BlackElo "2353"]
[PlyCount "46"]
[EventDate "2011.??.??"]
[TimeControl "40/5400+30:1800+30"]

1. e4 c5 2. Nf3 e6 3. d4 cxd4 4. Nxd4 Nc6 5. Nc3 Qc7 6. Be3 Nf6 7. Qd2 Nxd4 8.
Qxd4 Ng4 9. e5 Nxe3 10. Qxe3 Bb4 11. O-O-O Bxc3 12. Qxc3 Qxc3 13. bxc3 d5 14.
exd6 Bd7 15. f4 g6 16. h4 h5 17. Rh3 Bc6 18. c4 Kd7 19. Ra3 a5 20. Re3 a4 21.
a3 Ra5 22. g3 Rha8 23. Kb2 Rc5 1/2-1/2

[Event "Superliga 2011 M"]
[Site "Brasov/Rumania"]
[Date "2011.10.11"]
[Round "4.5"]
[White "Yemelin, Vasily"]
[Black "Iordachescu, Viorel"]
[Result "1/2-1/2"]
[ECO "D94"]
[WhiteElo "2568"]
[BlackElo "2646"]
[PlyCount "157"]
[EventDate "2011.??.??"]
[TimeControl "40/5400+30:1800+30"]

1. d4 d5 2. c4 c6 3. Nc3 Nf6 4. e3 g6 5. Nf3 Bg7 6. Bd3 O-O 7. h3 Nbd7 8. O-O
Nb6 9. cxd5 cxd5 10. b3 Bf5 11. Bxf5 gxf5 12. Ba3 Nc8 13. Qc2 Qa5 14. Qb2 Re8
15. Rac1 e6 16. Ne5 Ne7 17. Na4 Qd8 18. Nc5 Rb8 19. Rc2 Ng6 20. Ncd3 Ne4 21.
Rfc1 Nh4 22. f4 f6 23. Nf3 Ng6 24. Nc5 Kh8 25. Nd2 b5 26. Ncxe4 fxe4 27. Bc5
Rb7 28. b4 Nh4 29. g3 Nf5 30. Nf1 e5 31. Kh2 Qd7 32. Qb3 Rg8 33. Rf2 exf4 34.
exf4 Bh6 35. Rc3 Qf7 36. Rg2 Rd7 37. Qd1 Qg6 38. Rf2 Rdg7 39. g4 Nh4 40. Ne3 f5
41. g5 Bxg5 42. fxg5 Nf3+ 43. Rxf3 Qxg5 44. Rc1 exf3 45. Qxf3 Re8 46. Bd6 Qxe3
47. Qxe3 Rxe3 48. Be5 Re2+ 49. Kh1 h6 50. Rc5 Kh7 51. Bxg7 Kxg7 52. Rxb5 Rxa2
53. Rxd5 Kf6 54. Kg1 Kg5 55. Rd7 Kf4 56. d5 a6 57. d6 Rd2 58. Rd8 Kf3 59. d7 f4
60. h4 h5 61. Kh1 Kf2 62. Kh2 f3 63. Ra8 Rxd7 64. Rxa6 Rd4 65. Ra2+ Ke3 66.
Ra3+ Kf4 67. b5 Kg4 68. Ra2 Rf4 69. Kg1 Kg3 70. Ra8 Rb4 71. Rg8+ Kf4 72. Rf8+
Kg4 73. Rg8+ Kf4 74. Rf8+ Kg3 75. Rg8+ Kxh4 76. Kf2 Rb3 77. b6 Rxb6 78. Kxf3
Rb2 79. Rh8 1/2-1/2

[Event "Superliga 2011 M"]
[Site "?"]
[Date "2011.10.11"]
[Round "4.5"]
[White "Fedorov, Alexei"]
[Black "Manolache, Marius"]
[Result "0-1"]
[ECO "B07"]
[WhiteElo "2609"]
[BlackElo "2535"]
[PlyCount "114"]
[EventDate "2011.??.??"]
[TimeControl "120+13"]

1. e4 g6 2. d4 Bg7 3. c3 d6 4. Nf3 Nf6 5. Bd3 O-O 6. O-O c5 7. dxc5 dxc5 8. Qe2
Qc7 9. e5 Nd5 10. h3 Nc6 11. Re1 Rd8 12. a4 Be6 13. Na3 Rd7 14. Bc2 h6 15. Nc4
Qd8 16. a5 b5 17. axb6 axb6 18. Rxa8 Qxa8 19. Na3 Nc7 20. c4 Nb4 21. Be4 Qd8
22. Rf1 Bf5 23. Bxf5 gxf5 24. Nh4 e6 25. Nf3 Qa8 26. Bd2 Qe4 27. Re1 Nd3 28.
Qxe4 fxe4 29. Rxe4 Nxe5 30. Bc3 Nxf3+ 31. gxf3 Bxc3 32. bxc3 Rd2 33. Nb5 Nxb5
34. cxb5 Rd3 35. Re3 Rd2 36. c4 Rd4 37. Ra3 Rxc4 38. Ra6 Kg7 39. Rxb6 Kf6 40.
Kf1 Ke5 41. Ke2 Rb4 42. Rb7 f5 43. Rh7 c4 44. Rxh6 Rb2+ 45. Ke1 c3 46. Kd1 Rxf2
47. Rh4 f4 48. Rh7 Rb2 49. Rd7 Rxb5 50. Rd3 Rb1+ 51. Kc2 Rb2+ 52. Kxc3 Rh2 53.
h4 Kf5 54. Rd2 Rxh4 55. Kd3 Rh3 56. Rf2 Rh1 57. Rg2 Re1 0-1

[Event "Superliga 2011 M"]
[Site "Brasov/Rumania"]
[Date "2011.10.11"]
[Round "4.5"]
[White "Rogozenco, Dorian"]
[Black "Marin, Mihail"]
[Result "1/2-1/2"]
[ECO "E33"]
[WhiteElo "2552"]
[BlackElo "2550"]
[PlyCount "64"]
[EventDate "2011.??.??"]
[TimeControl "40/5400+30:1800+30"]

1. d4 e6 2. c4 Nf6 3. Nc3 Bb4 4. Qc2 Nc6 5. Nf3 d6 6. a3 Bxc3+ 7. Qxc3 a5 8. b3
O-O 9. g3 e5 10. dxe5 dxe5 11. Bb2 Re8 12. Bg2 Qe7 13. O-O Bg4 14. h3 Bf5 15.
Rfd1 Ne4 16. Qe3 Qc5 17. Rd3 Qxe3 18. Rxe3 Nc5 19. Nxe5 Nxe5 20. Bxe5 c6 21. b4
Nd7 22. Bd4 Rxe3 23. fxe3 axb4 24. axb4 Rxa1+ 25. Bxa1 Be6 26. b5 Bxc4 27. bxc6
bxc6 28. Bxc6 Be6 29. Kg2 f6 30. e4 Kf7 31. Bc3 h5 32. Bd5 Nb6 1/2-1/2

[Event "Superliga 2011 M"]
[Site "?"]
[Date "2011.10.11"]
[Round "4.5"]
[White "Miron, Lucian-Costin"]
[Black "Ardelean, George-Catalin"]
[Result "1/2-1/2"]
[ECO "D11"]
[WhiteElo "2514"]
[BlackElo "2491"]
[PlyCount "199"]
[EventDate "2011.??.??"]
[TimeControl "120+21"]

1. d4 d5 2. Nf3 Nf6 3. c4 c6 4. e3 a6 5. Nbd2 Bg4 6. Bd3 Nbd7 7. Qc2 e6 8. b3
Bxf3 9. Nxf3 Bb4+ 10. Ke2 Qe7 11. Bb2 Ba3 12. Rhd1 g6 13. Bc3 Bb4 14. Bb2 Ba3
15. Kf1 O-O 16. Bc3 Bb4 17. Bb2 Ba3 18. Bc3 Bb4 19. Rac1 Bxc3 20. Qxc3 Rfd8 21.
Qb2 a5 22. Kg1 Rac8 23. h3 Ra8 24. Re1 Rac8 25. a3 Ra8 26. Ra1 Rdb8 27. Qc3 Rd8
28. Ra2 Ra7 29. Rea1 Rda8 30. Rc2 Rd8 31. Re2 Qf8 32. Rea2 Rda8 33. Kf1 Qe7 34.
Rb1 Rb8 35. Kg1 Rba8 36. Re1 Rd8 37. Raa1 Qf8 38. Reb1 Rda8 39. Rd1 Rd8 40.
Rdc1 Qe7 41. Qb2 Qf8 42. Re1 Qe7 43. Rac1 Raa8 44. Red1 Qf8 45. Ra1 Ra7 46.
Rdb1 Rda8 47. Rc1 Qe7 48. Qc3 Rd8 49. Rd1 Raa8 50. Qb2 Ra7 51. Re1 Qf8 52. Re2
Qe7 53. Rae1 Raa8 54. Rc2 Qf8 55. Rec1 Ra7 56. Ra1 Rda8 57. Re1 Qe7 58. Rcc1
Qf8 59. Ra1 Qe7 60. Rec1 Qf8 61. Re1 Qe7 62. Re2 Qf8 63. Rae1 Qe7 64. Rd2 Rd8
65. Rc2 Rda8 66. Rec1 Qf8 67. Re2 Qe7 68. Ree1 Qf8 69. Rc2 Qe7 70. Rec1 Qf8 71.
Ra1 Qe7 72. Rcc1 Qf8 73. c5 Qe7 74. b4 axb4 75. axb4 Rxa1 76. Rxa1 Rxa1+ 77.
Qxa1 Qd8 78. Nd2 b5 79. cxb6 Qxb6 80. Qa5 Kg7 81. Bc2 Qb7 82. Bd3 Qb6 83. Nb3
Qb7 84. Qa3 Qb6 85. Na5 Nb8 86. Qc3 Ne8 87. g4 Nc7 88. g5 h6 89. gxh6+ Kxh6 90.
Kg2 Kg7 91. Qc5 Qxc5 92. bxc5 Kf6 93. Kg3 e5 94. dxe5+ Kxe5 95. f4+ Kf6 96. e4
dxe4 97. Bxe4 Ne6 98. Nxc6 Nxc6 99. Bxc6 Nxc5 100. Bf3 1/2-1/2

[Event "Superliga 2011 M"]
[Site "Brasov/Rumania"]
[Date "2011.10.11"]
[Round "4.5"]
[White "Stanciu, Alexandru-Ovidiu"]
[Black "Georgescu, Tiberiu-Marian"]
[Result "1/2-1/2"]
[ECO "D56"]
[WhiteElo "2288"]
[BlackElo "2391"]
[PlyCount "32"]
[EventDate "2011.??.??"]
[TimeControl "40/5400+30:1800+30"]

1. d4 d5 2. c4 e6 3. Nf3 Nf6 4. Nc3 Be7 5. Bg5 h6 6. Bh4 O-O 7. e3 Ne4 8. Bxe7
Qxe7 9. Rc1 c6 10. h4 Nd7 11. g4 e5 12. cxd5 Nxc3 13. Rxc3 cxd5 14. dxe5 Nxe5
15. Nxe5 Qxe5 16. Be2 Be6 1/2-1/2

[Event "Superliga 2011 M"]
[Site "Brasov/Rumania"]
[Date "2011.10.12"]
[Round "5.1"]
[White "Jobava, Baadur"]
[Black "Mastrovasilis, Dimitrios"]
[Result "1/2-1/2"]
[ECO "D13"]
[WhiteElo "2712"]
[BlackElo "2607"]
[PlyCount "52"]
[EventDate "2011.??.??"]
[TimeControl "40/5400+30:1800+30"]

1. d4 d5 2. c4 c6 3. Nc3 Nf6 4. cxd5 cxd5 5. Nf3 Nc6 6. Bf4 a6 7. Ne5 e6 8. e3
Nxe5 9. dxe5 Nd7 10. Bd3 g6 11. Bg3 Bg7 12. f4 O-O 13. O-O b5 14. Qe1 Qb6 15.
b4 d4 16. Be4 Bb7 17. exd4 Bxe4 18. Nxe4 Rfc8 19. Bf2 Qd8 20. Bh4 Qb6 21. Bf2
Qd8 22. Rd1 Nb6 23. Bh4 Qd5 24. Bf6 Rc2 25. a3 Qa2 26. Qg3 Nd5 1/2-1/2

[Event "Superliga 2011 M"]
[Site "Brasov/Rumania"]
[Date "2011.10.12"]
[Round "5.1"]
[White "Svetushkin, Dmitry"]
[Black "Yemelin, Vasily"]
[Result "1-0"]
[ECO "C11"]
[WhiteElo "2594"]
[BlackElo "2568"]
[PlyCount "95"]
[EventDate "2011.??.??"]
[TimeControl "40/5400+30:1800+30"]

1. e4 e6 2. d4 d5 3. Nc3 Nf6 4. e5 Nfd7 5. f4 c5 6. Nf3 Nc6 7. Be3 cxd4 8. Nxd4
Bc5 9. Qd2 O-O 10. g3 a6 11. Bg2 Nxd4 12. Bxd4 b5 13. Ne2 a5 14. a3 Qb6 15. O-O
Bb7 16. b4 Bxd4+ 17. Nxd4 Nb8 18. Kh1 Nc6 19. Nb3 Ra7 20. Nc5 Ba8 21. Rae1 Rd8
22. f5 axb4 23. axb4 exf5 24. e6 f6 25. Rxf5 Ne5 26. Rf4 Qd6 27. Rd4 Ra2 28.
Rd1 Kf8 29. Qe2 Bc6 30. Qh5 h6 31. Qf5 Kg8 32. h4 Qe7 33. h5 Rda8 34. Bxd5
Bxd5+ 35. Rxd5 Ra1 36. Qe4 Rxd1+ 37. Rxd1 Qe8 38. g4 Rd8 39. Rxd8 Qxd8 40. Nd7
Kh8 41. Qb7 Kh7 42. Qe4+ Kh8 43. Qd5 g6 44. hxg6 Nxg4 45. Qb7 f5 46. Kg1 h5 47.
Qxb5 Qh4 48. Nf8 1-0

[Event "Superliga 2011 M"]
[Site "Brasov/Rumania"]
[Date "2011.10.12"]
[Round "5.1"]
[White "Manolache, Marius"]
[Black "Mateuta, Gabriel"]
[Result "1/2-1/2"]
[ECO "E13"]
[WhiteElo "2535"]
[BlackElo "2507"]
[PlyCount "68"]
[EventDate "2011.??.??"]
[TimeControl "40/5400+30:1800+30"]

1. d4 e6 2. c4 Nf6 3. Nc3 Bb4 4. Nf3 b6 5. Bg5 h6 6. Bh4 g5 7. Bg3 Ne4 8. Qc2
Bb7 9. Nd2 Bxc3 10. bxc3 Nxg3 11. hxg3 Qf6 12. e3 h5 13. Rb1 d6 14. c5 dxc5 15.
Ne4 Qe7 16. Nxc5 Bc6 17. Nd3 Nd7 18. c4 Be4 19. f3 Bg6 20. Qc3 O-O 21. Be2 c5
22. dxc5 Nxc5 23. Rd1 Rad8 24. Kf2 Nxd3+ 25. Bxd3 e5 26. Bxg6 fxg6 27. Rxd8
Rxd8 28. Qc2 e4 29. Rd1 Rxd1 30. Qxd1 exf3 31. Qd5+ Kh7 32. Kxf3 g4+ 33. Kf4
Qf6+ 34. Ke4 Qf2 1/2-1/2

[Event "Superliga 2011 M"]
[Site "Brasov/Rumania"]
[Date "2011.10.12"]
[Round "5.1"]
[White "Danilov, Vladimir"]
[Black "Rogozenco, Dorian"]
[Result "1/2-1/2"]
[ECO "A45"]
[WhiteElo "2441"]
[BlackElo "2552"]
[PlyCount "128"]
[EventDate "2011.??.??"]
[TimeControl "40/5400+30:1800+30"]

1. d4 Nf6 2. Bg5 e6 3. Nc3 h6 4. Bxf6 Qxf6 5. e4 d6 6. Qd2 c6 7. f4 e5 8. dxe5
dxe5 9. f5 g6 10. fxg6 fxg6 11. Nf3 Be6 12. O-O-O Nd7 13. Bc4 O-O-O 14. Bxe6
Qxe6 15. Qf2 Bc5 16. Qg3 Bb4 17. Nb1 Qxa2 18. Nxe5 Nxe5 19. Qxe5 Qf7 20. c3 Be7
21. Kc2 Qf2+ 22. Kb3 Qf7+ 23. Kc2 Rhe8 24. Rhf1 Qc4 25. Nd2 Qa4+ 26. Nb3 Bd6
27. Qd4 Qxd4 28. Rxd4 Bxh2 29. Rf6 Rxd4 30. Nxd4 Be5 31. Rxg6 Bxd4 32. cxd4
Rxe4 33. Kd3 Rh4 34. Rg7 a5 35. Kc4 Kb8 36. g4 Ka7 37. d5 h5 38. d6 Kb6 39. d7
Kc7 40. d8=Q+ Kxd8 41. Rxb7 hxg4 42. Rg7 Ke8 43. Kc5 Kf8 44. Rg5 Kf7 45. Kxc6
a4 46. Kb5 Kf6 47. Rg8 Kf5 48. Kxa4 g3+ 49. b4 Rg4 50. Rf8+ Ke4 51. Rf1 g2 52.
Rg1 Kf3 53. Kb5 Kf2 54. Rxg2+ Rxg2 55. Kc6 Ke3 56. b5 Kd4 57. b6 Rg6+ 58. Kc7
Kc5 59. b7 Rg7+ 60. Kb8 Rg1 61. Kc7 Rg7+ 62. Kb8 Rg1 63. Kc7 Rg7+ 64. Kb8 Kd4
1/2-1/2

[Event "Superliga 2011 M"]
[Site "Brasov/Rumania"]
[Date "2011.10.12"]
[Round "5.1"]
[White "Petre, Nad-Titus"]
[Black "Ungureanu, Vlad"]
[Result "1/2-1/2"]
[ECO "A38"]
[WhiteElo "2345"]
[BlackElo "2376"]
[PlyCount "86"]
[EventDate "2011.??.??"]
[TimeControl "40/5400+30:1800+30"]

1. c4 g6 2. Nc3 Bg7 3. g3 d6 4. Bg2 c5 5. Nf3 Nc6 6. O-O e5 7. a3 Nf6 8. d3 O-O
9. Rb1 Rb8 10. b4 b6 11. Bg5 h6 12. Bxf6 Bxf6 13. Nd2 Nd4 14. Nde4 Be7 15. Nd5
Bg4 16. Nec3 h5 17. h3 Bd7 18. Nxe7+ Qxe7 19. Qd2 h4 20. Nd5 Qd8 21. bxc5 dxc5
22. e3 Nf5 23. g4 Ne7 24. f4 Nxd5 25. Bxd5 exf4 26. Rxf4 Be6 27. e4 Bxd5 28.
cxd5 b5 29. Qf2 b4 30. axb4 cxb4 31. Qxa7 b3 32. Qd4 Qa5 33. Rf2 Rfc8 34. Rbf1
Rb4 35. Qf6 Qa7 36. Kg2 Rb7 37. Rb1 Rc2 38. Qd8+ Kg7 39. Qf6+ Kg8 40. Rb2 Rxb2
41. Qd8+ Kg7 42. Qf6+ Kg8 43. Qd8+ Kg7 1/2-1/2

[Event "Superliga 2011 M"]
[Site "Brasov/Rumania"]
[Date "2011.10.12"]
[Round "5.1"]
[White "Chifor, Ovidiu-Emanuel"]
[Black "Stanciu, Alexandru-Ovidiu"]
[Result "1/2-1/2"]
[ECO "D72"]
[WhiteElo "2256"]
[BlackElo "2288"]
[PlyCount "53"]
[EventDate "2011.??.??"]
[TimeControl "40/5400+30:1800+30"]

1. d4 Nf6 2. c4 g6 3. g3 Bg7 4. Bg2 d5 5. cxd5 Nxd5 6. e4 Nb6 7. Ne2 c5 8. d5
O-O 9. O-O e6 10. Nbc3 Na6 11. h3 Bd7 12. b3 Rc8 13. a3 c4 14. b4 Re8 15. Be3
exd5 16. exd5 Bf5 17. Qd2 Qd7 18. Kh2 Bd3 19. Rfe1 Na4 20. Rac1 Nxc3 21. Nxc3
Nc7 22. Bh6 Be5 23. Bf4 Bg7 24. Bh6 Be5 25. Bf4 Bg7 26. Bh6 Be5 27. Bf4 1/2-1/2

[Event "Superliga 2011 M"]
[Site "Brasov/Rumania"]
[Date "2011.10.12"]
[Round "5.2"]
[White "Timoshenko, Georgy"]
[Black "Nisipeanu, Liviu-Dieter"]
[Result "0-1"]
[ECO "B81"]
[WhiteElo "2572"]
[BlackElo "2638"]
[PlyCount "125"]
[EventDate "2011.??.??"]
[TimeControl "40/5400+30:1800+30"]

1. e4 c5 2. Nf3 e6 3. d4 cxd4 4. Nxd4 Nf6 5. Nc3 d6 6. g4 h6 7. Bg2 a6 8. h3
Qc7 9. Be3 b5 10. e5 Bb7 11. Bxb7 Qxb7 12. Qf3 Qxf3 13. Nxf3 dxe5 14. Nxe5 Nbd7
15. Nxd7 Kxd7 16. Bd4 Be7 17. O-O-O Kc6 18. f4 Rad8 19. a3 Rd7 20. Bxf6 Rxd1+
21. Rxd1 Bxf6 22. Ne4 Be7 23. Rd3 f5 24. Rc3+ Kd5 25. Ng3 Rf8 26. Rd3+ Kc6 27.
Ne2 Bd6 28. gxf5 exf5 29. Kd2 g5 30. fxg5 hxg5 31. Nd4+ Kd7 32. Ke2 g4 33. b3
Rf6 34. c4 bxc4 35. bxc4 Kc7 36. a4 Be5 37. Nc2 Rh6 38. hxg4 Rh2+ 39. Kd1 fxg4
40. Rd5 g3 41. Rxe5 g2 42. Rg5 Rh1+ 43. Kd2 g1=Q 44. Rxg1 Rxg1 45. Kc3 Kb6 46.
Kb4 a5+ 47. Kc3 Kc5 48. Na3 Rg3+ 49. Kb2 Kb4 50. Nc2+ Kxc4 51. Na3+ Kb4 52.
Nc2+ Kxa4 53. Nd4 Rg2+ 54. Nc2 Kb5 55. Kc3 Rg3+ 56. Kb2 a4 57. Na3+ Kc5 58. Nc2
Rb3+ 59. Ka2 Kc4 60. Na1 Rh3 61. Nc2 Kc3 62. Na3 Rh2+ 63. Ka1 0-1

[Event "Superliga 2011 M"]
[Site "Brasov/Rumania"]
[Date "2011.10.12"]
[Round "5.2"]
[White "Iordachescu, Viorel"]
[Black "Ionescu, Constantin"]
[Result "1/2-1/2"]
[ECO "B43"]
[WhiteElo "2646"]
[BlackElo "2436"]
[PlyCount "99"]
[EventDate "2011.??.??"]
[TimeControl "40/5400+30:1800+30"]

1. e4 c5 2. Nf3 e6 3. d4 cxd4 4. Nxd4 a6 5. Nc3 b5 6. Bd3 Bb7 7. O-O Nc6 8.
Nxc6 Bxc6 9. Re1 Bc5 10. Qh5 d6 11. Bg5 Qb6 12. Re2 Kf8 13. Qh4 f6 14. Be3 Ne7
15. Qg3 Be8 16. Kh1 h5 17. f4 b4 18. Nd1 h4 19. Qh3 e5 20. fxe5 dxe5 21. Bxc5
Qxc5 22. a3 Ng6 23. Qe3 Qd6 24. Rd2 a5 25. Bf1 Qe7 26. axb4 Qxb4 27. c3 Qb7 28.
Qc5+ Ne7 29. Ne3 a4 30. Nf5 Qa7 31. Qd6 Rc8 32. Rad1 Qc5 33. h3 Rc6 34. Qxc5
Rxc5 35. Nd6 Bc6 36. Nb7 Bxb7 37. Rd8+ Kf7 38. Rxh8 Bxe4 39. Rd7 a3 40. bxa3
Rxc3 41. Rxh4 f5 42. Kh2 Rxa3 43. Bc4+ Kf6 44. Rd6+ Kg5 45. Rh7 Kf4 46. Rxg7
Rc3 47. Rxe7 Rxc4 48. h4 Rc2 49. Rg6 Bf3 50. Rh7 1/2-1/2

[Event "Superliga 2011 M"]
[Site "Brasov/Rumania"]
[Date "2011.10.12"]
[Round "5.2"]
[White "Moldovan, Daniel"]
[Black "Fedorov, Alexei"]
[Result "1/2-1/2"]
[ECO "D00"]
[WhiteElo "2436"]
[BlackElo "2609"]
[PlyCount "69"]
[EventDate "2011.??.??"]
[TimeControl "40/5400+30:1800+30"]

1. d4 Nf6 2. Nf3 g6 3. Nc3 d5 4. Bf4 Bg7 5. e3 O-O 6. Be2 c6 7. Ne5 Nfd7 8. Qd2
b5 9. a3 Nb6 10. O-O f6 11. Nf3 Bf5 12. b3 N8d7 13. a4 b4 14. Na2 a5 15. c3 e5
16. Bg3 c5 17. cxb4 cxb4 18. dxe5 fxe5 19. Rac1 Be4 20. Rfd1 Rc8 21. Rxc8 Nxc8
22. Qc1 Ncb6 23. Nd2 Bf5 24. e4 dxe4 25. Nc4 Nxc4 26. Bxc4+ Kh8 27. Bb5 Qc8 28.
Qxc8 Rxc8 29. Bxd7 Rd8 30. Bh4 Rxd7 31. Rxd7 Bxd7 32. Bd8 Be6 33. Bxa5 Bxb3 34.
Nxb4 Bxa4 35. Nd5 1/2-1/2

[Event "Superliga 2011 M"]
[Site "Brasov/Rumania"]
[Date "2011.10.12"]
[Round "5.2"]
[White "Marin, Mihail"]
[Black "Raceanu, Valentin"]
[Result "1/2-1/2"]
[ECO "D12"]
[WhiteElo "2550"]
[BlackElo "2417"]
[PlyCount "103"]
[EventDate "2011.??.??"]
[TimeControl "40/5400+30:1800+30"]

1. d4 d5 2. Nf3 c6 3. e3 Nf6 4. c4 Bf5 5. cxd5 cxd5 6. Qb3 Qc7 7. Bd2 Nc6 8.
Bb5 Bd7 9. O-O e6 10. Rc1 Bd6 11. Nc3 Qb8 12. Bd3 O-O 13. a3 Rc8 14. e4 dxe4
15. Nxe4 Be7 16. Nc3 Qd6 17. Be3 Na5 18. Qa2 Bc6 19. Ne5 Bd5 20. Nxd5 Qxd5 21.
Rxc8+ Rxc8 22. b4 Nc6 23. Qxd5 Nxd5 24. Rc1 Bd6 25. Nxc6 Rxc6 26. Rxc6 bxc6 27.
Bd2 Kf8 28. g3 f5 29. Kf1 Ke7 30. Ke2 Kd7 31. Bc4 Be7 32. Kd3 g5 33. f3 h5 34.
h3 Bd6 35. g4 hxg4 36. hxg4 fxg4 37. fxg4 Nf6 38. Bxg5 Nxg4 39. Bb3 Be7 40. Bd2
Nf6 41. Bf4 Bd6 42. Be5 Nd5 43. Bd1 Nf4+ 44. Kc4 Ng6 45. Bg7 Nf4 46. Bf3 Nd5
47. Be4 Nb6+ 48. Kb3 Bc7 49. Bd3 Nd5 50. Bf1 Bd6 51. Bh3 Ne7 52. Kc4 1/2-1/2